 Dungeon Crawl Stone Soup version 0.13-a0-2907-g70ca29e (webtiles) character file.

216 Moggul the Shield-Bearer (level 5, -5/49 HPs)
             Began as a Deep Dwarf Fighter on Aug 31, 2013.
             Slain by an ogre
             ... wielding a +0,+0 giant spiked club
              (17 damage)
             ... on Level 3 of the Dungeon.
             The game lasted 00:48:59 (2812 turns).

Moggul the Shield-Bearer (Deep Dwarf Fighter)       Turns: 2812, Time: 00:48:59

HP  -5/49        AC  9     Str 20      XL: 5   Next: 19%
MP   4/4         EV  6     Int  9      God:
Gold 55          SH 22     Dex 12      Spells:  0 memorised,  4 levels left

Res.Fire  : . . .   See Invis. : .   E - +0 mace
Res.Cold  : + . .   Warding    : .   b - +0 dwarf scale mail
Life Prot.: . . .   Conserve   : .   c - +0 dwarf shield
Res.Poison: .       Res.Corr.  : .   (no helmet)
Res.Elec. : .       Clarity    : .   (no cloak)
Sust.Abil.: . .     Spirit.Shd : .   (no gloves)
Res.Mut.  : .       Rnd.Telep. : +   A - +0 pair of boots
Res.Rott. : .       Flight     : .   (no amulet)
Saprovore : . . .                    w - ring of protection from cold {unknown}
                                     y - cursed ring of teleportation

@: non-regenerating, mildly poisoned, somewhat resistant to hostile
enchantments, extremely unstealthy
A: damage resistance, recharge devices, sense surroundings 1, slow healing 3
a: Device Recharging, Evoke Teleportation


You were on level 3 of the Dungeon.
You were not hungry.

You visited 1 branch of the dungeon, and saw 3 of its levels.

You collected 35 gold pieces.

Inventory:

Hand weapons
 a - a +0,+0 dwarven hand axe {=f}
 i - a +0,+0 sling
 n - a +0,+0 dagger
 r - a cursed -2,-3 dagger (quivered)
 s - a +0,+0 hand axe
 u - a +0,+4 spear
 C - a +1,+2 orcish vampiric hand axe
 E - a +0,+0 mace (weapon)
 H - a cursed -2,-2 dagger
 I - a +3,+1 elven sabre
 J - a +1,+0 elven short sword
 L - a +2,+1 elven short sword
 Q - a +0,+1 dagger
Missiles
 g - 52 stones
 h - 58 sling bullets
 v - 7 poisoned needles
 M - 3 poisoned darts
 O - 10 silver bolts
 P - 19 darts
Armour
 b - a +0 dwarven scale mail (worn)
 c - a +0 dwarven shield (worn)
 A - a +0 pair of boots (worn)
Magical devices
 d - a wand of heal wounds (1)
 e - a wand of magic darts (5)
Comestibles
 f - 4 bread rations
 q - a cheese
 z - a meat ration
Scrolls
 j - 2 scrolls of identify {unknown}
 k - 2 scrolls of remove curse {unknown}
 l - a scroll of curse jewellery {unknown}
 p - a scroll of enchant weapon I {unknown}
 t - a scroll of enchant armour {unknown}
 x - a scroll of noise {unknown}
 F - a scroll of magic mapping {unknown}
 K - a scroll of teleportation {unknown}
 N - a scroll of curse weapon {unknown}
 R - a scroll of fog {unknown}
Jewellery
 w - a ring of protection from cold (right hand) {unknown}
 y - a cursed ring of teleportation (left hand)
 B - an uncursed ring of flight
Potions
 m - a potion of heal wounds {unknown}
 o - a potion of paralysis {unknown}
 D - a potion of poison {unknown}
 G - a potion of brilliance {unknown}


   Skills:
 + Level 3.1 Fighting
 + Level 2.6 Axes
 + Level 0.8 Maces & Flails
 + Level 4.1 Armour
 + Level 2.5 Dodging
 + Level 4.4 Shields


You had 4 spell levels left.
You didn't know any spells.

Dungeon Overview and Level Annotations

Branches:
Dungeon (3/27)

Altars:
Fedhas
Makhleb
Vehumet
Xom
Zin


Innate Abilities, Weirdness & Mutations

You are resistant to damage.
You can recharge devices by infusing magical energy.
You passively map a small area around you.
You do not heal naturally.


Message History

Aim: an ogre, wielding a giant spiked club (moderately wounded)
The magic dart hits the ogre.
The ogre is heavily wounded.
e - a wand of magic darts {zapped: 1} Zapping:
e - a wand of magic darts {zapped: 1}
Press: ? - help, Shift-Dir - straight line, f/p - ogre
Aim: an ogre, wielding a giant spiked club (heavily wounded)
The magic dart hits the ogre.
The ogre is heavily wounded.
You block the ogre's attack.
Zapping:
e - a wand of magic darts {zapped: 2}
Press: ? - help, Shift-Dir - straight line, f/p - ogre
Aim: an ogre, wielding a giant spiked club (heavily wounded)
The magic dart hits the ogre.
The ogre is heavily wounded.
The ogre barely misses you.
You hit the ogre.
The ogre is severely wounded.
The ogre hits you with a giant spiked club!
You die...

, * * * ** , #### ,,
* ..# * #####.###
####.......# *
#.......%..#
,,,######.##.......#
#....O@##.......#
......#######.......#
... #.......# # *
######.## #.# #.# #.#
,*


You could see an ogre.

Vanquished Creatures
  An iguana (D:3)
  Ijyb (D:2)
  5 adders
  A worm (D:2)
  5 giant cockroaches
  5 goblins
  10 hobgoblins
  7 jackals
  7 kobolds (D:2)
  A ball python (D:2)
  11 bats
  3 giant geckos
  2 giant newts (D:1)
  6 rats
65 creatures vanquished.

Notes
Turn   | Place    | Note
--------------------------------------------------------------
     0 | D:1      | Moggul, the Deep Dwarf Fighter, began the quest for the Orb.
     0 | D:1      | Reached XP level 1. HP: 21/21 MP: 0/0
   349 | D:1      | Reached XP level 2. HP: 25/28 MP: 1/1
   786 | D:2      | Reached XP level 3. HP: 25/36 MP: 2/2
   791 | D:2      | Reached skill level 4 in Shields
   871 | D:2      | Reached skill level 1 in Dodging
   954 | D:2      | Reached XP level 4. HP: 26/43 MP: 3/3
  1006 | D:2      | Found a shimmering altar of Xom.
  1017 | D:2      | Found a blossoming altar of Fedhas.
  1025 | D:2      | Found a burning altar of Makhleb.
  1198 | D:2      | Found a radiant altar of Vehumet.
  1198 | D:2      | Found a glowing silver altar of Zin.
  1248 | D:2      | Noticed Ijyb
  1261 | D:2      | Killed Ijyb
  2713 | D:3      | Reached XP level 5. HP: 26/49 MP: 4/4
  2793 | D:3      | Noticed an ogre
  2812 | D:3      | Slain by an ogre

Action                   |  1- 3 |  4- 6 || total
-------------------------+-------+-------++-------
Melee: Hand axe          |    80 |       ||    80
       Mace              |    17 |   129 ||   146
Evoke: Wand              |       |     7 ||     7
  Use: Scroll            |     1 |       ||     1
